 Dungeon Sprint DCSS version 0.29-a0-789-g7a8fcbc185 (webtiles) character file.

Game seed: 1626328491816361073

1707 Hipnos the Protected (level 9, -1/64 HPs)
             Began as a Gargoyle Fighter on July 3, 2022.
             Slain by a flying skull (6 damage)
             ... in the Dungeon (Sprint II: "The Violet Keep of Menkaure").
             The game lasted 00:05:01 (1139 turns).

Hipnos the Protected (Gargoyle Fighter)             Turns: 1139, Time: 00:05:02

Health: -1/64      AC: 18    Str: 23    XL:     9   Next: 3%
Magic:  9/9        EV: 10    Int:  8    God:
Gold:   82         SH:  6    Dex:  9    Spells: 8/8 levels left

rFire   . . .      SeeInvis .   a - +0 flail
rCold   . . .      Faith    .   c - +0 buckler
rNeg    + . .      Spirit   .   b - +0 scale mail
rPois   ∞          Reflect  .   k - +1 hat {Will+}
rElec   +          Harm     .   e - +1 cloak {rCorr}
rCorr   +          Rampage  .   (no gloves)
Will    +....      NoTele   +   f - +1 pair of boots
Stlth   ..........              (no amulet)
HPRegen 0.20/turn               (no ring)
MPRegen 0.11/turn               (no ring)

@: mighty, on berserk cooldown, slowed, very slow
A: sickness immunity, AC +6, negative energy resistance 1, electricity
resistance, torment resistance 1, petrification resistance, deformed body, dopey
1, inability to read while threatened 1
a: no special abilities


You were in the Dungeon.
You visited 1 branch You collected 744 gold pieces.
You spent 662 gold pieces at shops.

Inventory:

Hand Weapons
 a - a +0 flail (weapon)
Armour
 b - a +0 scale mail (worn)
 c - a +0 buckler (worn)
 e - a +1 cloak of preservation (worn)
 f - a +1 pair of boots (worn)
 k - a +1 hat of willpower (worn)
Scrolls
 j - a scroll of blinking
Potions
 d - a potion of might
 h - 2 potions of magic


   Skills:
 + Level 11.1 Fighting
 + Level 9.9 Maces & Flails
 + Level 11.6 Armour
 + Level 2.9 Dodging
 + Level 1.5 Stealth
 + Level 10.5 Shields


You had 8 spell levels left.
You didn't know any spells.
Your spell library was empty.

Dungeon Overview and Level Annotations

Branches:
Dungeon (1/1)

Altars:

Shops:
D :=!?!((=!:[![(?

Annotations:
D exclusion: oklob plant


Innate Abilities, Weirdness & Mutations

You are immune to sickness and miasma.
Your stone body is resilient. (AC +6)
You are immune to poison.
You resist negative energy. (rN+)
You are resistant to electric shocks. (rElec)
You are resistant to unholy torment.
You are immune to petrification.
Armour fits poorly on your strangely shaped body.
You are dopey. (Int -2)
You occasionally lose the ability to read scrolls when taking damage.


Message History

You miss the flying skull.
The flying skull is moderately damaged.
Your extra speed is starting to run out.
The flying skull hits you but does no damage.
The flying skull hits you.
* * * LOW HITPOINT WARNING * * *
You miss the flying skull.
The flying skull is moderately damaged.
You block the flying skull's attack.
You closely miss the flying skull.
The flying skull is moderately damaged.
The flying skull hits you but does no damage.
The flying skull hits you.
* * * LOW HITPOINT WARNING * * *
You feel very mighty all of a sudden. The flying skull closely misses you.
You barely miss the flying skull.
The flying skull is moderately damaged.
The flying skull hits you but does no damage. x2
You sock the flying skull!
The flying skull is almost destroyed.
You block the flying skull's attack.
You bludgeon the flying skull!!
You destroy the flying skull!
You feel yourself slow down.
Your Fighting skill increases to level 11!
You bludgeon the flying skull!!
You destroy the flying skull!
The flying skull barely misses you.
You have reached level 9!
Your experience leads to an increase in your attributes!
Your base attributes are Str 21, Int 10, Dex 9.
Increase (S)trength, (I)ntelligence, or (D)exterity?
You feel stronger. x2
You hit the flying skull but do no damage.
The flying skull barely misses you.
The flying skull hits you but does no damage.
You completely miss the flying skull. You block the flying skull's attack.
The flying skull hits you.
You die...

##.⌠......#≈##.###+###÷##..#
##..∩.∩...#≈##..##.##.#.#..#
##...∩.∩..'≈'.##'.<.'##.'..#
##....∩.∩.#≈##..##.###..#....
#▓▓▓▓▓▓▓###≈##.###†###.##...§
##$EZ######≈≈####...### ≈≈...
#$.Z#s ##z≈≈#..#..# ≈≈≈≈≈
#∩P$+$ #z#≈##.#.## ≈≈≈§≈§
#![.#?# #@#zz##+##≈≈≈≈§§≈≈
#$[$ ## ####zzz≈≈≈≈≈≈≈≈≈≈§
##+# #zz'#+++# #zz°°°≈≈#
§≈≈°.°≈≈≈ §≈≈.°°°°≈ ≈≈°..≈≈≈≈
#§°≈≈°.≈# ####+####


You could see 2 flying skulls.

Vanquished Creatures
  4 flying skulls (D)
  4 neqoxecs (D)
  Menkaure (D)
  A water moccasin (D)
  4 necrophages (D)
  5 scorpions (D)
19 creatures vanquished.

Notes
Turn   | Place    | Note
-------+----------+-------------------------------------------
     0 | D        | Hipnos the Gargoyle Fighter began the quest for the Orb.
     0 | D        | Reached XP level 1. HP: 14/14 MP: 1/1
     1 | D        | Noticed a scorpion
     1 | D        | Noticed a scorpion
     1 | D        | Noticed a scorpion
     1 | D        | Noticed a scorpion
    17 | D        | Killed a scorpion
    18 | D        | Reached skill level 5 in Fighting
    18 | D        | Reached skill level 5 in Armour
    18 | D        | Reached skill level 5 in Shields
    18 | D        | Reached XP level 2. HP: 17/21 MP: 2/2
    18 | D        | Reached XP level 3. HP: 22/26 MP: 3/3
    18 | D        | Reached XP level 4. HP: 26/31 MP: 4/4
    25 | D        | Killed a scorpion
    33 | D        | Killed a scorpion
    34 | D        | Reached XP level 5. HP: 11/38 MP: 5/5
    42 | D        | Reached XP level 6. HP: 11/44 MP: 6/6
   281 | D        | Found Worem's Antique Weapon Emporium.
   281 | D        | Found Hiefuqim's Distillery.
   281 | D        | Found Xuchis's Jewellery Emporium.
   281 | D        | Found Ferphixt's Antique Weapon Shoppe.
   281 | D        | Found Qegobeho's Antique Armour Shoppe.
   281 | D        | Found Qigyniuc's Weapon Emporium.
   282 | D        | Found Enaraxzo's Magic Scroll Emporium.
   282 | D        | Found Otis's Antique Armour Shoppe.
   282 | D        | Found Edysekh's Magic Scroll Shoppe.
   282 | D        | Found Udaoq's Book Emporium.
   283 | D        | Found Impij's Distillery.
   283 | D        | Found Nofeg's Jewellery Emporium.
   284 | D        | Found Iciroidu's Distillery.
   284 | D        | Found Jawis's Distillery.
   285 | D        | Noticed Menkaure
   285 | D        | Noticed an oklob plant
   286 | D        | Found Qait's Book Shoppe.
   289 | D        | Noticed an iron elemental
   290 | D        | Bought a potion of berserk rage for 65 gold pieces
   290 | D        | Bought a potion of might for 52 gold pieces
   290 | D        | Bought a potion of curing for 39 gold pieces
   303 | D        | Killed Menkaure
   462 | D        | Noticed a redback
   463 | D        | Bought a potion of heal wounds for 50 gold pieces
   555 | D        | Noticed a boulder beetle
   555 | D        | Noticed a boulder beetle
   558 | D        | Noticed a neqoxec
   560 | D        | Noticed a neqoxec
   572 | D        | Killed a neqoxec
   572 | D        | Gained mutation: Armour fits poorly on your strangely
                  | shaped body. [a neqoxec]
   573 | D        | Reached skill level 5 in Maces & Flails
   573 | D        | Reached XP level 7. HP: 51/51 MP: 7/7
   577 | D        | Gained mutation: You occasionally lose the ability to read
                  | scrolls when taking damage. [a neqoxec]
   596 | D        | Killed a neqoxec
   597 | D        | Reached skill level 10 in Armour
   597 | D        | Reached skill level 1 in Dodging
   641 | D        | Noticed a neqoxec
   641 | D        | Noticed a neqoxec
   644 | D        | Gained mutation: You are dopey. (Int -2) [a neqoxec]
   647 | D        | Killed a neqoxec
   663 | D        | HP: 2/52 [neqoxec (7)]
   664 | D        | Killed a neqoxec
   665 | D        | Reached skill level 10 in Fighting
   978 | D        | Reached XP level 8. HP: 51/57 MP: 8/8
  1029 | D        | Bought a runed cloak for 210 gold pieces
  1035 | D        | Bought a pair of embroidered boots for 127 gold pieces
  1040 | D        | Bought a runed hat for 119 gold pieces
  1057 | D        | Noticed a flying skull
  1059 | D        | Noticed a flying skull
  1062 | D        | Noticed a flying skull
  1064 | D        | Noticed a flying skull
  1068 | D        | Noticed a flying skull
  1068 | D        | Noticed a flying skull
  1069 | D        | Reached skill level 1 in Stealth
  1069 | D        | Reached skill level 10 in Shields
  1074 | D        | Noticed a flying skull
  1075 | D        | Noticed a flying skull
  1078 | D        | Noticed a flying skull
  1078 | D        | Noticed a flying skull
  1078 | D        | Noticed a flying skull
  1079 | D        | Noticed a flying skull
  1098 | D        | Killed a flying skull
  1120 | D        | Killed a flying skull
  1136 | D        | Killed a flying skull
  1137 | D        | Killed a flying skull
  1138 | D        | Reached XP level 9. HP: 4/64 MP: 9/9
  1139 | D        | Slain by a flying skull

Illustrated notes

Levels and vault maps discovered:
D:        the_violet_keep_of_menkaure [sprint2_stairs_cluster_1,
          sprint2_shoproom, sprint2_temple, sprint2_basic_supplies,
          sprint2_obstacle_1, sprint2_obstacle_2, sprint2_obstacle_5,
          sprint2_obstacle_4, sprint2_obstacle_6, sprint2_timed_cluster_1,
          sprint2_smallroom_cluster_1, sprint2_smallroom_final_cluster_1,
          sprint2_transparent_cluster_1, sprint2_second_timed_cluster_1,
          sprint2_sniper_area_1, sprint2_heavy_combat_area_1,
          sprint2_mutation_trap_area_1, sprint2_forest_area_1,
          sprint2_light_combat_area_1, sprint2_behind_water_1,
          sprint2_near_end_vault_1]

Skill      XL: |  1  2  3  4  5  6  7  8 |
---------------+-------------------------+-----
Fighting       | 5 7 9 10 11 | 11.1
Armour         | 5 7 8 9 10 11 | 11.6
Shields        | 5 7 8 9 10 | 10.5
Maces & Flails | 3 5 7 9 |  9.9
Dodging        | 1 2 |  2.9
Stealth        | 1 |  1.5

Action                   |  1- 3 |  4- 6 |  7- 9 || total
-------------------------+-------+-------+-------++-------
Melee: Flail             |    14 |    42 |   127 ||   183
  Use: Potion            |     1 |     2 |     5 ||     8
Armor: Scale mail        |     7 |    13 |    55 ||    75
Dodge: Dodged            |     7 |     8 |    36 ||    51
Block: Buckler           |     3 |     8 |    30 ||    41

Table legend: (Time is in decaauts)
 A = Elapsed time spent in this place.
 B = Non-inter-level travel time spent in this place.
 C = Inter-level travel time spent in this place.
 D = Time resting spent in this place.
 E = Time spent auto-exploring this place.
 F = Levels seen in this place.
 G = Mean time per level.
                   A        B        C        D        E       F      G
               +--------+--------+--------+--------+--------+-----+--------+
         Total |   1160 |   1160 |      0 |    792 |      0 |   1 | 1160.0 |
       Dungeon |   1160 |   1160 |      0 |    792 |      0 |   1 | 1160.0 |
               +--------+--------+--------+--------+--------+-----+--------+

Top non-repeatable levels by time:
       D: 1160 daAuts
